 Dungeon Crawl Stone Soup version 0.28.0 (webtiles) character file.

Game seed: 12166590052276953798

1109 issech the Cudgeller (level 8, -2/71 HPs)
             Began as a Troll Monk on Feb 17, 2022.
             Was a Priest of Hepliaklqana.
             Slain by an orc warrior (12 damage)
             ... on level 7 of the Dungeon.
             The game lasted 00:17:59 (4872 turns).

issech the Cudgeller (Troll Monk)                   Turns: 4872, Time: 00:18:01

Health: -2/71      AC:  4    Str: 20    XL:     8   Next: 11%
Magic:  7/7        EV: 11    Int:  6    God:    Hepliaklqana [***...]
Gold:   249        SH:  0    Dex: 14    Spells: 7/7 levels left

rFire   . . .      SeeInvis .   n - +1 mace (holy)
rCold   . . .      Faith    .   (no shield)
rNeg    . . .      Spirit   .   b - +0 robe
rPois   +          Reflect  .   (helmet restricted)
rElec   .          Harm     .   (no cloak)
rCorr   .          Rampage  .   (gloves unavailable)
Will    +....                   (boots unavailable)
Stlth   ++........              (no amulet)
HPRegen 1.01/turn               m - ring of willpower
MPRegen 0.10/turn               j - ring of poison resistance

@: no status effects
A: reduced essence, large, unfitting armour, claws 3, regeneration 1, shaggy fur
1, tough skin 1
a: Renounce Religion, Recall Ancestor, Ancestor Identity, Transference


You were on level 7 of the Dungeon.
You worshipped Hepliaklqana.
Hepliaklqana was most pleased with you.
You visited 2 branches of the dungeon, and saw 8 of its levels.

You collected 249 gold pieces.

Inventory:

Hand Weapons
 a - a +0 mace
 n - a +1 mace of holy wrath (weapon)
 p - a +0 dagger of venom
 y - a +0 falchion of holy wrath
Missiles
 c - 95 stones (quivered)
 g - 6 poisoned darts
 o - 59 arrows
 s - 40 sling bullets
 A - 2 boomerangs
Armour
 b - a +0 robe (worn)
Jewellery
 e - a ring of ice
 j - a ring of poison resistance (right claw)
 m - a ring of willpower (left claw)
Wands
 q - a wand of flame (38)
 w - a wand of digging (8)
Scrolls
 d - a scroll of amnesia
 h - 5 scrolls of teleportation
 i - 2 scrolls of silence
 r - a scroll of holy word
 u - 3 scrolls of identify
Potions
 f - 3 potions of curing {unknown}
 k - a potion of ambrosia {unknown}
 l - a potion of heal wounds {unknown}
 t - 2 potions of lignification {unknown}
 v - 2 potions of haste {unknown}
 x - a potion of might {unknown}
 z - 2 potions of resistance {unknown}


   Skills:
 + Level 4.3 Fighting
 + Level 6.4 Maces & Flails
 + Level 4.2 Dodging
 + Level 2.4 Stealth


You had 7 spell levels left.
You didn't know any spells.
Your spell library contained the following spells:

 Spells                   Type           Power      Damage    Failure   Level
 Foxfire                  Conj/Fire      0%         2x1d4     45%         1
 Summon Small Mammal      Summ           0%         N/A       45%         1
 Blink                    Tloc           0%         N/A       58%         2
 Sublimation of Blood     Necr           0%         N/A       58%         2
 Wereblood                Tmut           0%         N/A       58%         2
 Call Canine Familiar     Summ           0%         N/A       83%         3
 Conjure Flame            Conj/Fire      0%         6-21      83%         3
 Inner Flame              Hex/Fire       0%         N/A       83%         3
 Lesser Beckoning         Tloc           0%         N/A       83%         3
 Summon Guardian Golem    Hex/Summ       0%         N/A       83%         3
 Flame Wave               Conj/Fire      0%         2d4       99%         4
 Manifold Assault         Tloc           0%         N/A       100%        5
 Summon Hydra             Summ           0%         N/A       100%        7


Dungeon Overview and Level Annotations

Branches:
Dungeon (7/15)             Temple (1/1) D:4

Altars:
Ashenzari
Cheibriados
Dithmenos
Elyvilon
Gozag
Hepliaklqana
Kikubaaqudgha
Makhleb
Nemelex Xobeh
Okawaru
Qazlal
Ru
Sif Muna
Trog
Uskayaw
Vehumet
Wu Jian
Xom
Yredelemnul
Zin
The Shining One

Annotations:
D:2 Pargi


Innate Abilities, Weirdness & Mutations

Your life essence is reduced to manifest your ancestor. (-10% HP)
You are too large for most types of armour.
You have claws for hands.
Your natural rate of healing is unusually fast.
You are covered in fur. (AC +1)
You have tough skin. (AC +1)


Message History

The white imp gestures at you. The puff of frost hits you.
Lwandle closely misses the orc warrior.
You hit the orc warrior but do no damage.
The orc warrior is moderately wounded.
The orc barely misses you.
The orc warrior hits you with a +0 dire flail!
Lwandle points at the orc warrior and mumbles some strange words.
The puff of frost hits the orc warrior but does no damage.
The white imp hits you. The white imp freezes you.
You hit the orc warrior but do no damage.
The orc warrior is moderately wounded.
The orc hits you from afar with a +0 trident!
The orc priest casts a cantrip, but nothing happens.
The white imp lashes its tail.
The white imp hits you. The white imp freezes you.
You closely miss the white imp.
The orc hits you from afar with a +0 trident.
The orc priest hits Lwandle with a +0 flail.
Lwandle hits the orc warrior with a +0 quarterstaff!
The white imp barely misses you. The orc warrior closely misses you.
You closely miss the white imp. The orc closely misses you.
The orc priest closely misses Lwandle.
Lwandle hits the orc warrior with a +0 quarterstaff.
The white imp hits you but does no damage.
The orc warrior closely misses you.
You barely miss the white imp.
The orc throws a boomerang.
The boomerang hits Lwandle.
The orc priest hits Lwandle with a +0 flail.
The white imp gestures at you. The puff of frost hits you.
The orc warrior hits you with a +0 dire flail!
* * * LOW HITPOINT WARNING * * *
Lwandle hits the orc priest with a +0 quarterstaff.
You completely miss the white imp.
The orc hits you from afar with a +0 trident.
* * * LOW HITPOINT WARNING * * *
The orc priest barely misses Lwandle.
The white imp closely misses you.
Lwandle hits the orc priest with a +0 quarterstaff.
The orc warrior hits you with a +0 dire flail!
You die...

### ... ....#
##.#..
..5...######.#
#...........#
#<#.# .#
#5#.#..#
#†@o...#
##R##.## #oo/
# .....#
##...## ##.##
.# .#


You could see the friendly Lwandle the battlemage, an orc warrior, an orc priest
(ally target), a white imp and an orc.

Vanquished Creatures
  Sigmund (D:4)
  A sky beast (D:5)
  A bullfrog zombie (D:6)
  A hound (D:6)
  2 orc priests
  Ijyb (D:3)
  2 iguanas
  6 adders
  A gnoll (D:4)
  A white imp (D:4)
  2 worms (D:3)
  A dart slug (D:4)
  7 orcs
  5 bats
  6 endoplasms
  8 giant cockroaches
  4 goblins
  7 hobgoblins
  7 kobolds
  3 quokkas
  4 ball pythons
  3 frilled lizards
  3 rats
77 creatures vanquished.

Vanquished Creatures (collateral kills)
  A water moccasin (D:6)
  A centaur (D:6)
  A phantom (D:6)
  A bullfrog (D:7)
  A scorpion (D:6)
  A howler monkey (D:5)
  An orc priest (D:6)
  A centaur skeleton (D:6)
  An adder (D:5)
  2 gnolls (D:4)
  A shadow imp (D:6)
  An adder skeleton (D:4)
  3 orcs
  A kobold (D:4)
17 creatures vanquished.

Grand Total: 94 creatures vanquished

Notes
Turn   | Place    | Note
-------+----------+-------------------------------------------
     0 | D:1      | issech the Troll Monk began the quest for the Orb.
     0 | D:1      | Reached XP level 1. HP: 22/22 MP: 0/0
   213 | D:1      | Found a faded altar of an unknown god.
   253 | D:1      | Reached XP level 2. HP: 22/29 MP: 1/1
   561 | D:2      | Reached skill level 3 in Maces & Flails
   684 | D:2      | Reached XP level 3. HP: 36/36 MP: 2/2
  1436 | D:3      | Reached XP level 4. HP: 44/44 MP: 3/3
  1627 | D:3      | Noticed Pargi
  1862 | D:3      | Noticed Ijyb
  1894 | D:3      | Killed Ijyb
  2573 | D:4      | Reached skill level 4 in Maces & Flails
  2573 | D:4      | Reached XP level 5. HP: 52/53 MP: 4/4
  2968 | D:4      | Found a staircase to the Ecumenical Temple.
  2978 | Temple   | Entered the Ecumenical Temple
  3114 | Temple   | Became a worshipper of Hepliaklqana the Forgotten
  3114 | Temple   | Reached * piety under Hepliaklqana
  3114 | Temple   | Reached ** piety under Hepliaklqana
  3115 | Temple   | Remembered your ancestor Lwandle as a battlemage
  3534 | D:4      | Reached XP level 6. HP: 54/54 MP: 5/5
  3534 | D:4      | Found a shimmering altar of Xom.
  3534 | D:4      | Found a radiant altar of Vehumet.
  3582 | D:4      | Noticed Sigmund
  3591 | D:4      | Killed Sigmund
  3592 | D:4      | Reached skill level 5 in Maces & Flails
  3609 | D:4      | Found a broken altar of Ashenzari.
  3648 | D:5      | Entered Level 5 of the Dungeon
  3715 | D:5      | Noticed a sky beast
  3725 | D:5      | Killed a sky beast
  3726 | D:5      | Reached XP level 7. HP: 40/61 MP: 6/6
  4341 | D:6      | Reached skill level 6 in Maces & Flails
  4742 | D:6      | Reached XP level 8. HP: 53/70 MP: 7/7
  4848 | D:6      | Reached *** piety under Hepliaklqana
  4872 | D:7      | Slain by an orc warrior

Illustrated notes

Levels and vault maps discovered:
D:1:      dpeg_arrival_rooms_a, layout_rooms, dreamdust_ecumenical_altar_grove,
          serial_glass, glass_columns_b, glass_columns_c, glass_columns_a,
          glass_columns_a, glass_columns_a, glass_columns_c
D:2:      layout_loops_ring, minmay_worlds_worst_comb
D:3:      layout_basic, uniq_ijyb, uniq_pargi
D:4:      layout_basic, chequers_temple_overflow_statue_of_worship,
          minmay_temple_entry_mist, uniq_sigmund
D:5:      lemuel_ice_spiral_2, layout_rooms
D:6:      layout_loops_ring, kennysheep_generic_room_13
D:7:      nicolae_cairo_tiling_large, layout_loops_cross, uniq_prince_ribbit1
Temple:   compressed_dpeg_circular_temple

Skill      XL: |  1  2  3  4  5  6  7 |
---------------+----------------------+-----
Maces & Flails | 3 4 5 6 |  6.4
Fighting       | 3 4 |  4.3
Dodging        | 3 4 |  4.2
Stealth        | 2 |  2.4

Action                   |  1- 3 |  4- 6 |  7- 9 || total
-------------------------+-------+-------+-------++-------
Melee: Mace              |   129 |   191 |    52 ||   372
       Punch             |     1 |     1 |     2 ||     4
Invok: Ancestor Life: Ba |       |     1 |       ||     1
  Use: Scroll            |       |     7 |       ||     7
 Stab: Sleeping          |     1 |     4 |       ||     5
       Distracted        |       |     3 |       ||     3
Armor: Robe              |    51 |    95 |    15 ||   161
Dodge: Dodged            |    69 |   135 |    28 ||   232
